 Dungeon Crawl Stone Soup version 0.18-a0-1312-gf98331d (webtiles) character file.

129 Herrn the Skirmisher (level 5, -4/49 HPs)
             Began as a Naga Fighter on Feb 14, 2016.
             Slain by a killer bee (5 damage)
             ... on level 3 of the Dungeon.
             The game lasted 00:02:44 (1971 turns).

Herrn the Skirmisher (Naga Fighter)                 Turns: 1971, Time: 00:02:45

Health: -4/49      AC:  6    Str: 18 (19) XL:     5   Next: 12%
Magic:  5/5        EV:  5    Int:  8 (9)  God:
Gold:   137        SH: 12    Dex:  7 (10) Spells: 0 memorised, 4 levels left

rFire  . . .     SeeInvis +     a - +0 war axe
rCold  . . .     Gourm    .     b - +0 scale mail
rNeg   . . .     Faith    .     c - +0 shield
rPois  +         Spirit   .     (no helmet)
rElec  .         Dismiss  .     m - +0 cloak
rCorr  .         Reflect  +     (no gloves)
SustAt .         Harm     .     (no barding)
MR     .....                    g - +4 amulet of reflection
Stlth  ..........               (no ring)
                                (no ring)

@: very slow, not resistant to hostile enchantments, extremely unstealthy
A: see invisible, deformed body, poison resistance, slowness 2, slow metabolism
1, spit poison 2, AC +1
a: Spit Poison


You were on level 3 of the Dungeon.
You were not hungry.

You visited 1 branch of the dungeon, and saw 3 of its levels.

You collected 137 gold pieces.

Inventory:

Hand Weapons
 a - a +0 war axe (weapon)
Armour
 b - a +0 scale mail (worn)
 c - a +0 shield (worn)
 m - a +0 cloak (worn)
Jewellery
 g - a +4 amulet of reflection (around neck)
Scrolls
 e - 3 scrolls of random uselessness {unknown}
 i - 2 scrolls of teleportation {unknown}
 k - 5 scrolls of identify {unknown}
 n - a scroll of noise {unknown}
 p - 2 scrolls of enchant armour {unknown}
 q - 2 scrolls of fog {unknown}
 r - 3 scrolls of remove curse {unknown}
Potions
 u - a potion of degeneration
Comestibles
 f - 2 bread rations
 j - 2 beef jerkies
 l - 2 meat rations
 s - 5 fruits
 v - 5 chunks of flesh


   Skills:
 + Level 3.4 Fighting
 + Level 2.8 Axes
 + Level 3.1 Armour
 + Level 1.0 Dodging
 + Level 3.2 Shields


You had 4 spell levels left.
You didn't know any spells.

Dungeon Overview and Level Annotations

Branches:
Dungeon (3/15)

Altars:
Ru


Innate Abilities, Weirdness & Mutations

You cannot wear boots.
Your serpentine skin is tough (AC +1).
You have supernaturally acute eyesight.
Armour fits poorly on your strangely shaped body.
Your system is resistant to poisons.
You cover ground very slowly.
You have a slow metabolism.
You can spit poison.


Message History

You are too injured to fight recklessly!
You are too injured to fight recklessly!
You are too injured to fight recklessly!
Unknown command.
You are too injured to fight recklessly!
Unknown command.
You are too injured to fight recklessly!
Unknown command.
You are too injured to fight recklessly!
Unknown command.
Unknown command.
You are too injured to fight recklessly!
You cannot move.
You miss the killer bee.
The killer bee is lightly wounded.
You feel less woody.
Your +0 cloak unmelds from your body.
Your +0 scale mail unmelds from your body.
The killer bee stings you.
You die...

#### #.. # #.# #. #@#
#.####.#######y# ##
..............gy##.y.l
.........(.....yy'y...
..............###....
..............# ...
#+#...........# .
#.#.........>.#
#.#...††......#


You could see 4 killer bees and a goblin.

Vanquished Creatures
  4 gnolls (D:3)
  2 adders (D:2)
  An ooze (D:2)
  2 worms (D:2)
  A giant gecko (D:3)
  A giant cockroach (D:1)
  6 goblins
  8 hobgoblins
  8 jackals
  6 kobolds
  A quokka (D:2)
  8 bats
  2 giant newts (D:2)
  11 rats
61 creatures vanquished.

Notes
Turn   | Place    | Note
--------------------------------------------------------------
     0 | D:1      | Herrn the Naga Fighter began the quest for the Orb.
     0 | D:1      | Reached XP level 1. HP: 21/21 MP: 1/1
   266 | D:1      | Reached XP level 2. HP: 28/28 MP: 2/2
   508 | D:1      | Reached XP level 3. HP: 34/34 MP: 3/3
   935 | D:2      | Reached XP level 4. HP: 39/42 MP: 4/4
  1296 | D:2      | Found a sacrificial altar of Ru.
  1814 | D:3      | Reached XP level 5. HP: 37/49 MP: 5/5
  1943 | D:3      | Reached skill level 1 in Dodging
  1967 | D:3      | HP: 1/49 [killer bee (5)]
  1971 | D:3      | Slain by a killer bee

Vault maps used:
D:1:      lightli_arrival_maybe_door_vault, st_stairs_4, minivault_23,
          serial_park_tiny_2, serial_bayou_pond_b
D:2:      nicolae_ru_the_path_less_chosen
D:3:      first_bread, grunt_decor_fettered, minmay_misc_feat_rows,
          gammafunk_pakellas_spire_experiment

Action                   |  1- 3 |  4- 6 || total
-------------------------+-------+-------++-------
Melee: War axe           |    99 |    85 ||   184
  Use: Potion            |       |     5 ||     5
  Eat: Chunk             |       |     3 ||     3
